 Dungeon Sprint DCSS version 0.30-a0-56-ge6a4009bfd (webtiles) character file.

Game seed: 583416523085340126

186 mhtbhm the Geomancer (level 5, -3/28 HPs)
             Began as a Gargoyle Earth Elementalist on Sept 10, 2022.
             Slain by a soul eater (17 damage)
             ... summoned by a kobold demonologist
             ... in the Dungeon (Sprint III: "The Ten Rune Challenge").
             The game lasted 00:01:07 (489 turns).

mhtbhm the Geomancer (Gargoyle Earth Elementalist)   Turns: 489, Time: 00:01:07

Health: -3/28      AC:  6    Str: 11    XL:     5   Next: 66%
Magic:  9/13       EV: 12    Int: 18    God:
Gold:   33         SH:  0    Dex: 10    Spells: 10/16 levels left

rFire   . . .      SeeInvis .    (no weapon)
rCold   . . .      Faith    .    (no shield)
rNeg    + . .      Spirit   .    a - +0 robe
rPois   ∞          Reflect  .    (no helmet)
rElec   +          Harm     .    (no cloak)
rCorr   .          Rampage  .    (no gloves)
Will    .....      Rage     3%   (no boots)
Stlth   ++........ NoTele   +    (no amulet)
HPRegen 0.09/turn                (no ring)
MPRegen 0.13/turn                (no ring)

@: flying
A: sickness immunity, AC +4, negative energy resistance 1, electricity
resistance, torment resistance 1, petrification resistance, big wings, berserk
1, wild magic 1
a: no special abilities


You were in the Dungeon.
You visited 1 branch You collected 33 gold pieces.

Inventory:

Armour
 a - a +0 robe (worn)
Scrolls
 g - a scroll of blinking
 i - a scroll of poison {unknown}
 j - a scroll of identify {unknown}
 l - a scroll of torment {unknown}
 m - a scroll of summoning {unknown}
Potions
 b - 3 potions of magic
 c - a potion of curing
 d - a potion of heal wounds
 e - a potion of haste
 f - a potion of berserk rage
 h - 2 potions of attraction {unknown}
 k - 3 potions of mutation
 n - a potion of flight {unknown}


   Skills:
 + Level 3.7 Dodging
 + Level 4.0 Stealth
 + Level 6.0 Spellcasting
 + Level 1.4 Transmutations
 + Level 9.7 Earth Magic


You had 10 spell levels left.
You knew the following spells:

 Your Spells              Type           Power      Damage    Failure   Level
a - Sandblast             Erth           100%       2d20      1%          1
b - Passwall              Tmut/Erth      27%        N/A       3%          2
c - Stone Arrow           Conj/Erth      58%        3d10      8%          3

Your spell library contained the following spells:

 Spells                   Type           Power      Damage    Failure   Level
 Petrify                  Tmut/Erth      33%        N/A       17%         4


Dungeon Overview and Level Annotations

Branches:
Dungeon (1/1)

Altars:
Kikubaaqudgha
Sif Muna
Vehumet


Innate Abilities, Weirdness & Mutations

You are immune to sickness and miasma.
Your stone body is resilient. (AC +4)
You are immune to poison.
You resist negative energy. (rN+)
You are resistant to electric shocks. (rElec)
You are resistant to unholy torment.
You are immune to petrification.
Your large and strong wings let you fly.
You sometimes lose your temper in combat.
Your spells are a little harder to cast, but a little more powerful.


Message History

Confirm with . or Enter, or press ? or * to list all spells.
Aiming: Sandblast (safe; 1% risk of failure)
Press: ? - help, Shift-Dir - straight line, f - kobold demonologist
Aim: a kobold demonologist, wielding a +0 dagger and wearing a +0 robe (80% to hit)
The blast of sand hits the kobold demonologist!
The kobold demonologist is almost dead.
The kobold demonologist gestures wildly while chanting.
Casting: Sandblast (safe; 1% risk of failure)
Confirm with . or Enter, or press ? or * to list all spells.
Aiming: Sandblast (safe; 1% risk of failure)
Press: ? - help, Shift-Dir - straight line, f - soul eater
Aim: a soul eater (summoned, 85% to hit)
Okay, then.
You aren't carrying any items that you can evoke.
Casting: Sandblast (safe; 1% risk of failure)
Confirm with . or Enter, or press ? or * to list all spells.
You don't know that spell.
Unknown command.
Okay, then.
You aren't carrying any items that you can evoke.
Unknown command.
Casting: Sandblast (safe; 1% risk of failure)
Confirm with . or Enter, or press ? or * to list all spells.
Aiming: Sandblast (safe; 1% risk of failure)
Press: ? - help, Shift-Dir - straight line, f - soul eater
Aim: a soul eater (summoned, 85% to hit)
The blast of sand hits the soul eater but does no damage.
The soul eater hits you!
Ouch! That really hurt!
The soul eater barely misses you.
Casting: Sandblast (safe; 1% risk of failure)
Confirm with . or Enter, or press ? or * to list all spells.
Aiming: Sandblast (safe; 1% risk of failure)
Press: ? - help, Shift-Dir - straight line, f/p - soul eater
Aim: a soul eater (summoned, 85% to hit)
The blast of sand hits the soul eater but does no damage.
The kobold demonologist looks encouraged for a moment.
The soul eater hits you!
Ouch! That really hurt!
You die...

.#...#### ##.#
.#......#####..#
##.....).#..#..#
.##.##...#..#..###+#+###+
.##.###..##'#..#.........
####.##..###...'.⌠.......
##..##..## #...#...######
....##..# #....#.⌠.#
#..##...##.....#@..#
..##....#...†..#3###
.###..##.#.....#55 .# #..
####....#_K_ ▓▓ ▓▓▓
▓▓▓▓▓▓▓▓▓▓


You could see a soul eater (summoned), a kobold demonologist, a shadow imp
(summoned) and an ufetubus (summoned).

Vanquished Creatures
  A water elemental (D)
  A scorpion (D)
  A wizard (D)
  Jessica (D)
  A human (D)
  3 rats (D)
8 creatures vanquished.

Notes
Turn   | Place    | Note
-------+----------+-------------------------------------------
     0 | D        | mhtbhm the Gargoyle Earth Elementalist began the quest for
                  | the Orb.
     0 | D        | Reached XP level 1. HP: 10/10 MP: 3/3
    11 | D        | Reached skill level 4 in Earth Magic
    63 | D        | Noticed Jessica
    67 | D        | Killed Jessica
    68 | D        | Reached skill level 6 in Earth Magic
    68 | D        | Reached XP level 2. HP: 7/15 MP: 0/6
    68 | D        | Reached XP level 3. HP: 9/19 MP: 0/7
   142 | D        | Learned a level 2 spell: Passwall
   146 | D        | Learned a level 3 spell: Stone Arrow
   249 | D        | Gained mutation: You are frail. (-10% HP) [potion of
                  | mutation]
   249 | D        | Gained mutation: Your mind is acute. (Int +4, Str/Dex -1)
                  | [potion of mutation]
   249 | D        | Gained mutation: You have a pair of small horns on your
                  | head. [potion of mutation]
   249 | D        | Gained mutation: Your spells are a little harder to cast,
                  | but a little more powerful. [potion of mutation]
   250 | D        | Lost mutation: You have a pair of small horns on your head.
                  | [potion of mutation]
   250 | D        | Lost mutation: Your mind is acute. (Int +4, Str/Dex -1)
                  | [potion of mutation]
   250 | D        | Gained mutation: Your magical capacity is low. (-10% MP)
                  | [potion of mutation]
   250 | D        | Lost mutation: Your magical capacity is low. (-10% MP)
                  | [potion of mutation]
   250 | D        | Gained mutation: You are clumsy. (Dex -2) [potion of
                  | mutation]
   251 | D        | Lost mutation: You are frail. (-10% HP) [potion of
                  | mutation]
   251 | D        | Lost mutation: You are clumsy. (Dex -2) [potion of
                  | mutation]
   251 | D        | Gained mutation: You sometimes lose your temper in combat.
                  | [potion of mutation]
   251 | D        | Gained mutation: Your large and strong wings let you fly.
                  | [potion of mutation]
   254 | D        | Noticed a scorpion
   260 | D        | Reached skill level 1 in Transmutations
   296 | D        | Killed a scorpion
   297 | D        | Reached skill level 8 in Earth Magic
   297 | D        | Reached XP level 4. HP: 24/24 MP: 4/10
   448 | D        | Noticed a water elemental
   450 | D        | Killed a water elemental
   451 | D        | Reached skill level 5 in Spellcasting
   451 | D        | Reached skill level 9 in Earth Magic
   451 | D        | Reached XP level 5. HP: 28/28 MP: 9/13
   485 | D        | Found a radiant altar of Vehumet.
   485 | D        | Found a shimmering blue altar of Sif Muna.
   485 | D        | Found an ancient bone altar of Kikubaaqudgha.
   487 | D        | Noticed a soul eater
   489 | D        | Slain by a soul eater

Illustrated notes

Levels and vault maps discovered:
D:        dungeon_sprint_mu [sprint_mu_entry_cave, sprint_mu_temple_rooms,
          sprint_mu_d1_spiders, sprint_mu_d2_genie, sprint_mu_d3_branching,
          sprint_mu_orc_legion, sprint_mu_elf_gauntlet, sprint_mu_hive_nellie,
          sprint_mu_lair_fedhas, sprint_mu_vaults_butterflies,
          sprint_mu_slime_circle, sprint_mu_swamp_cave, sprint_mu_shoals_kraken,
          sprint_mu_blade_basic, sprint_mu_crypt_lich, sprint_mu_tomb_spiral,
          sprint_mu_vestibule_basic, sprint_mu_gehenna_hellfire,
          sprint_mu_dis_giant, sprint_mu_tartarus_statrot,
          sprint_mu_cocytus_islands, sprint_mu_zot1]

Skill      XL: |  1  2  3  4  5 |
---------------+----------------+-----
Dodging        | 2 3 |  3.7
Earth Magic    | 6 8 9 |  9.7
Spellcasting   | 3 4 5 6 |  6.0
Stealth        | 3 4 |  4.0
Transmutations | 1 |  1.4

Action                   |  1- 3 |  4- 6 || total
-------------------------+-------+-------++-------
 Cast: Sandblast         |    10 |     6 ||    16
       Stone Arrow       |     1 |       ||     1
       Passwall          |     1 |       ||     1
  Use: Potion            |     3 |       ||     3
Dodge: Dodged            |     2 |     1 ||     3

Table legend: (Time is in decaauts)
 A = Elapsed time spent in this place.
 B = Non-inter-level travel time spent in this place.
 C = Inter-level travel time spent in this place.
 D = Time resting spent in this place.
 E = Time spent auto-exploring this place.
 F = Levels seen in this place.
 G = Mean time per level.
                   A        B        C        D        E       F      G
               +--------+--------+--------+--------+--------+-----+--------+
         Total |    496 |    496 |      0 |    348 |     48 |   1 |  496.0 |
       Dungeon |    496 |    496 |      0 |    348 |     48 |   1 |  496.0 |
               +--------+--------+--------+--------+--------+-----+--------+

Top non-repeatable levels by time:
       D: 496 daAuts
